General information
- name: BNet
- type: Ladder team game (AT/RT)
- host: Battle.net
- saver: DRAGON-QUEST-11
map: MarketSquare
- players: 8
- length: 53:10
- speed: Fast
- version: 1.28 W3XP
- replay type: Public
» download(496 KB)
Players
team 1 (loser)

»
MyPenlsHuge (
pink | 46 APM | 2437 actions | 53:08)
8 Archmage
3 Blizzard
3 Brilliance Aura
1 Mass Teleport
1 Summon Water Elemental
1 Mountain King
1 Storm Bolt
» actions
| Assign group hotkey | 34 | |
| Basic commands | 155 | |
| Build / train | 127 | |
| ESC pressed | 21 | |
| Enter build submenu | 48 | |
| Enter hero's abilities submenu | 9 | |
| Give item / drop item | 2 | |
| Right click | 777 | |
| Select / deselect | 702 | |
| Select group hotkey | 331 | |
| Use ability | 231 | |
2437 total
» units
| Peasant | 29 | |
| Mortar Team | 15 | |
| Sorceress | 4 | |
| Siege Engine | 7 | |
55 total
» upgrades
| Masonry | 3 | |
| Magic Sentry | 1 | |
| Sorceress Training | 2 | |
| Fragmentation Shards | 1 | |
| Flare | 1 | |
| Gunpowder | 3 | |
| Armor | 1 | |
| Barrage | 1 | |
13 total
» buildings
| Altar of Kings | 1 | |
| Farm | 11 | |
| Scout Tower | 21 | |
| Lumber Mill | 1 | |
| Arcane Tower | 3 | |
| Guard Tower | 14 | |
| Arcane Vault | 1 | |
| Keep | 1 | |
| Town Hall | 4 | |
| Arcane Sanctum | 1 | |
| Blacksmith | 1 | |
| Castle | 1 | |
| Workshop | 2 | |
| Cannon Tower | 2 | |
64 total
» build order
00:23 Altar of Kings
00:37 Farm
00:55 Scout Tower
01:13 Farm
01:22 Lumber Mill
01:27 Arcane Tower
01:53 Scout Tower
01:57 Scout Tower
02:20 Farm
02:26 Guard Tower
02:52 Guard Tower
03:03 Scout Tower
03:17 Arcane Vault
03:32 Guard Tower
03:33 Scout Tower
03:40 Farm
04:14 Guard Tower
04:17 Scout Tower
04:45 Farm
04:47 Guard Tower
04:50 Scout Tower
05:18 Guard Tower
05:20 Keep
06:33 Town Hall
06:34 Scout Tower
06:35 Scout Tower
06:36 Scout Tower
06:37 Scout Tower
07:06 Guard Tower
07:07 Scout Tower
07:08 Scout Tower
07:32 Scout Tower
07:35 Guard Tower
07:42 Scout Tower
08:00 Guard Tower
08:08 Guard Tower
08:19 Arcane Sanctum
08:46 Blacksmith
08:49 Castle
09:30 Scout Tower
09:36 Scout Tower
10:01 Workshop
10:02 Arcane Tower
10:04 Workshop
10:09 Arcane Tower
11:20 Farm
12:03 Farm
12:44 Scout Tower
13:17 Scout Tower
13:20 Guard Tower
13:47 Guard Tower
13:52 Farm
14:56 Farm
15:34 Farm
16:15 Farm
17:01 Scout Tower
20:10 Cannon Tower
20:48 Town Hall
21:34 Scout Tower
23:02 Guard Tower
23:03 Cannon Tower
24:35 Guard Tower
29:42 Town Hall
30:49 Town Hall
» items
| Periapt of Vitality | 4 | |
| Scroll of Regeneration | 6 | |
| Lesser Clarity Potion | 4 | |
| Potion of Healing | 6 | |
| Potion of Invisibility | 1 | |
| Potion of Lesser Invulnerability | 3 | |
| Scroll of Town Portal | 3 | |
27 total
@@@@@@@@_@ (
red | 50 APM | 2653 actions | 53:08)
2 Mountain King
1 Thunder Clap
1 Storm Bolt
» actions
| Assign group hotkey | 61 | |
| Basic commands | 34 | |
| Build / train | 137 | |
| ESC pressed | 18 | |
| Enter build submenu | 67 | |
| Enter hero's abilities submenu | 2 | |
| Give item / drop item | 1 | |
| Right click | 1092 | |
| Select / deselect | 488 | |
| Select group hotkey | 614 | |
| Use ability | 139 | |
2653 total
» units
| Peasant | 50 | |
| Siege Engine | 4 | |
| Flying Machine | 12 | |
| Dragonhawk Rider | 8 | |
74 total
» upgrades
| Masonry | 3 | |
| Gunpowder | 3 | |
| Plating | 3 | |
| Flying Machine Bombs | 1 | |
| Flak Cannons | 1 | |
| Armor | 3 | |
| Cloud | 1 | |
15 total
» buildings
| Altar of Kings | 1 | |
| Farm | 12 | |
| Arcane Vault | 2 | |
| Town Hall | 4 | |
| Lumber Mill | 8 | |
| Keep | 2 | |
| Scout Tower | 28 | |
| Blacksmith | 1 | |
| Guard Tower | 30 | |
| Castle | 2 | |
| Workshop | 6 | |
| Arcane Tower | 3 | |
| Barracks | 1 | |
| Gryphon Aviary | 3 | |
103 total
» build order
00:07 Altar of Kings
00:10 Farm
00:35 Farm
00:52 Arcane Vault
01:15 Farm
03:20 Town Hall
03:24 Lumber Mill
03:29 Lumber Mill
04:51 Keep
04:51 Keep
04:53 Scout Tower
04:55 Scout Tower
04:58 Scout Tower
05:03 Blacksmith
05:13 Scout Tower
05:19 Lumber Mill
05:23 Lumber Mill
05:29 Guard Tower
05:32 Lumber Mill
05:41 Guard Tower
05:54 Guard Tower
06:03 Farm
06:22 Lumber Mill
07:12 Castle
07:16 Workshop
07:19 Workshop
07:23 Workshop
07:26 Workshop
07:29 Workshop
07:34 Farm
08:04 Workshop
08:32 Arcane Tower
08:34 Arcane Tower
09:12 Arcane Tower
09:37 Farm
09:40 Farm
09:42 Farm
10:48 Farm
10:50 Farm
10:54 Scout Tower
10:55 Scout Tower
10:57 Scout Tower
15:38 Guard Tower
15:38 Guard Tower
15:38 Guard Tower
15:41 Scout Tower
15:56 Scout Tower
15:57 Scout Tower
17:09 Guard Tower
17:09 Guard Tower
20:57 Town Hall
20:59 Lumber Mill
21:03 Lumber Mill
21:10 Scout Tower
21:12 Scout Tower
21:23 Town Hall
21:34 Town Hall
21:39 Scout Tower
22:15 Guard Tower
22:17 Scout Tower
22:19 Scout Tower
22:20 Scout Tower
22:43 Guard Tower
22:45 Scout Tower
22:46 Guard Tower
22:47 Guard Tower
22:49 Scout Tower
23:13 Guard Tower
23:17 Scout Tower
23:17 Guard Tower
23:21 Scout Tower
23:43 Scout Tower
23:45 Scout Tower
23:47 Guard Tower
23:48 Guard Tower
23:51 Guard Tower
23:52 Guard Tower
23:54 Scout Tower
24:02 Scout Tower
24:14 Guard Tower
24:14 Guard Tower
24:17 Scout Tower
24:18 Scout Tower
24:31 Guard Tower
24:38 Scout Tower
24:39 Scout Tower
24:46 Guard Tower
24:46 Guard Tower
24:47 Guard Tower
24:47 Guard Tower
24:54 Barracks
25:08 Guard Tower
25:08 Guard Tower
25:08 Guard Tower
25:22 Guard Tower
25:28 Gryphon Aviary
26:58 Gryphon Aviary
27:05 Arcane Vault
27:35 Gryphon Aviary
29:04 Farm
29:07 Farm
» items
| Scroll of Regeneration | 1 | |
| Lesser Clarity Potion | 1 | |
| Mechanical Critter | 2 | |
| Ivory Tower | 3 | |
7 total
scrubscrewer (
blue | 98 APM | 5221 actions | 53:08)
7 Archmage
3 Summon Water Elemental
3 Brilliance Aura
1 Mass Teleport
4 Mountain King
2 Bash
2 Storm Bolt
4 Goblin Tinker
2 Engineering Upgrade
2 Cluster Rockets
» actions
| Assign group hotkey | 129 | |
| Basic commands | 608 | |
| Build / train | 177 | |
| ESC pressed | 16 | |
| Enter build submenu | 60 | |
| Enter hero's abilities submenu | 17 | |
| Give item / drop item | 6 | |
| Right click | 1372 | |
| Select / deselect | 565 | |
| Select group hotkey | 1925 | |
| Use ability | 346 | |
5221 total
» units
| Peasant | 16 | |
| Footman | 7 | |
| Gryphon Rider | 10 | |
| Dragonhawk Rider | 3 | |
36 total
» upgrades
| Masonry | 3 | |
| Defend | 1 | |
| Swords | 3 | |
| Lumber Harvesting | 2 | |
| Cloud | 1 | |
| Storm Hammers | 1 | |
| Armor | 4 | |
| Animal War Training | 1 | |
16 total
» buildings
| Altar of Kings | 1 | |
| Barracks | 1 | |
| Farm | 10 | |
| Lumber Mill | 1 | |
| Arcane Vault | 1 | |
| Town Hall | 3 | |
| Keep | 2 | |
| Blacksmith | 1 | |
| Scout Tower | 31 | |
| Castle | 1 | |
| Gryphon Aviary | 4 | |
| Guard Tower | 49 | |
| Arcane Tower | 10 | |
115 total
» build order
00:53 Altar of Kings
00:54 Barracks
00:56 Farm
01:06 Farm
01:11 Farm
01:43 Farm
01:51 Lumber Mill
02:34 Arcane Vault
03:36 Farm
04:04 Town Hall
05:21 Keep
05:21 Keep
05:42 Blacksmith
06:33 Scout Tower
06:34 Scout Tower
06:35 Scout Tower
06:37 Scout Tower
08:16 Castle
08:19 Scout Tower
08:20 Scout Tower
08:21 Scout Tower
08:31 Gryphon Aviary
08:34 Gryphon Aviary
08:41 Guard Tower
08:41 Guard Tower
08:41 Guard Tower
09:19 Guard Tower
09:19 Guard Tower
09:19 Guard Tower
09:50 Guard Tower
09:51 Guard Tower
09:51 Guard Tower
09:51 Guard Tower
09:51 Guard Tower
09:51 Guard Tower
10:09 Guard Tower
10:09 Guard Tower
10:09 Guard Tower
11:13 Farm
13:04 Farm
14:54 Town Hall
17:49 Scout Tower
17:49 Scout Tower
17:50 Scout Tower
17:51 Scout Tower
17:54 Scout Tower
17:55 Scout Tower
17:57 Scout Tower
18:19 Guard Tower
18:19 Guard Tower
18:28 Guard Tower
18:29 Guard Tower
19:10 Guard Tower
19:11 Guard Tower
19:11 Guard Tower
19:38 Gryphon Aviary
19:50 Gryphon Aviary
21:12 Farm
21:15 Farm
22:31 Farm
23:26 Scout Tower
23:27 Scout Tower
23:28 Scout Tower
23:36 Scout Tower
23:37 Scout Tower
24:10 Guard Tower
24:10 Guard Tower
24:11 Guard Tower
24:11 Guard Tower
24:11 Guard Tower
24:46 Guard Tower
24:46 Guard Tower
24:46 Guard Tower
24:49 Guard Tower
24:49 Guard Tower
25:02 Guard Tower
25:02 Guard Tower
28:11 Scout Tower
28:12 Scout Tower
28:14 Scout Tower
28:48 Guard Tower
28:48 Guard Tower
28:48 Guard Tower
42:20 Scout Tower
42:20 Scout Tower
42:21 Scout Tower
42:26 Town Hall
42:43 Scout Tower
42:46 Scout Tower
42:46 Scout Tower
42:47 Scout Tower
42:49 Scout Tower
42:49 Scout Tower
42:52 Arcane Tower
42:53 Arcane Tower
42:53 Guard Tower
42:53 Guard Tower
42:53 Guard Tower
42:53 Guard Tower
42:54 Guard Tower
43:19 Arcane Tower
43:19 Arcane Tower
43:19 Arcane Tower
43:20 Arcane Tower
43:21 Arcane Tower
43:21 Arcane Tower
43:21 Guard Tower
43:22 Guard Tower
43:22 Guard Tower
43:23 Arcane Tower
43:24 Arcane Tower
45:46 Guard Tower
45:46 Guard Tower
45:47 Guard Tower
45:47 Guard Tower
» items
| Scroll of Regeneration | 10 | |
| Mechanical Critter | 5 | |
| Staff of Sanctuary | 1 | |
| Scroll of Town Portal | 2 | |
| Potion of Healing | 3 | |
| Staff of Teleportation | 4 | |
| Periapt of Vitality | 2 | |
| Boots of Speed | 1 | |
28 total
Antifa-Warrior (
orange | 32 APM | 1703 actions | 53:08)
6 Blademaster
2 Wind Walk
3 Critical Strike
1 Bladestorm
1 Dark Ranger
1 Black Arrow
» actions
| Basic commands | 1084 | |
| Build / train | 68 | |
| ESC pressed | 12 | |
| Enter build submenu | 24 | |
| Enter hero's abilities submenu | 7 | |
| Give item / drop item | 2 | |
| Remove unit from queue | 3 | |
| Right click | 7 | |
| Select / deselect | 376 | |
| Use ability | 120 | |
1703 total
» units
| Peon | 13 | |
| Demolisher | 13 | |
| Troll Headhunter/Berserker | 3 | |
| Troll Batrider | 6 | |
35 total
» upgrades
| Spiked Barricades | 2 | |
| Burning Oil | 1 | |
| Reinforced Defenses | 1 | |
| Berserker Upgrade | 1 | |
| Troll Regeneration | 1 | |
| Ranged Weapons | 1 | |
| Armor | 1 | |
| Liquid Fire | 1 | |
9 total
» buildings
| Altar of Storms | 1 | |
| Orc Burrow | 6 | |
| Voodoo Lounge | 1 | |
| War Mill | 1 | |
| Stronghold | 1 | |
| Watch Tower | 8 | |
| Fortress | 1 | |
| Barracks | 2 | |
| Great Hall | 2 | |
| Beastiary | 2 | |
25 total
» build order
00:13 Altar of Storms
00:27 Orc Burrow
00:53 Voodoo Lounge
01:25 Orc Burrow
01:53 Orc Burrow
02:49 War Mill
03:17 Stronghold
03:51 Orc Burrow
04:13 Watch Tower
04:19 Watch Tower
05:40 Fortress
05:45 Barracks
05:52 Barracks
12:54 Watch Tower
14:48 Watch Tower
15:43 Orc Burrow
20:38 Great Hall
20:46 Orc Burrow
22:25 Watch Tower
24:21 Watch Tower
26:18 Great Hall
33:05 Beastiary
33:09 Beastiary
33:12 Watch Tower
35:34 Watch Tower
» items
| Healing Salve | 3 | |
| Circlet of Nobility | 2 | |
| Lesser Clarity Potion | 2 | |
| Potion of Healing | 1 | |
| Boots of Speed | 1 | |
| Scroll of Town Portal | 1 | |
| Potion of Mana | 1 | |
| Potion of Lesser Invulnerability | 1 | |
12 total
team 2 (winner)
Storm7777777 (
green | 50 APM | 2352 actions | 46:39)
7 Warden
3 Shadow Strike
3 Blink
1 Spirit of Vengeance
» actions
| Assign group hotkey | 25 | |
| Build / train | 120 | |
| Enter build submenu | 78 | |
| Enter hero's abilities submenu | 8 | |
| Remove unit from queue | 2 | |
| Right click | 1180 | |
| Select / deselect | 578 | |
| Select group hotkey | 142 | |
| Use ability | 218 | |
2352 total
» units
| Wisp | 77 | |
| Archer | 2 | |
| Huntress | 6 | |
| Dryad | 7 | |
| Druid of the Claw | 1 | |
| Hippogryph | 3 | |
96 total
» upgrades
| Reinforced Hides | 2 | |
| Strength of the Wild | 2 | |
| Abolish Magic | 1 | |
| Druid of the Claw Training | 1 | |
| Nature's Blessing | 1 | |
| Upgrade Moon Glaive | 1 | |
8 total
» buildings
| Altar of Elders | 3 | |
| Moon Well | 22 | |
| Ancient of War | 5 | |
| Hunter's Hall | 2 | |
| Tree of Ages | 3 | |
| Ancient Protector | 26 | |
| Tree of Life | 8 | |
| Ancient of Lore | 4 | |
| Tree of Eternity | 2 | |
| Ancient of Wind | 3 | |
78 total
» build order
00:21 Altar of Elders
00:35 Moon Well
00:48 Ancient of War
01:48 Moon Well
02:30 Hunter's Hall
02:47 Moon Well
02:55 Moon Well
03:29 Moon Well
03:37 Moon Well
03:44 Tree of Ages
03:44 Tree of Ages
04:31 Moon Well
05:37 Ancient Protector
05:51 Tree of Life
06:18 Ancient of Lore
06:22 Ancient of Lore
07:52 Moon Well
08:03 Ancient Protector
08:34 Ancient Protector
09:09 Ancient Protector
09:22 Ancient Protector
09:26 Tree of Eternity
09:26 Tree of Eternity
10:41 Ancient Protector
11:17 Moon Well
13:23 Ancient Protector
13:32 Ancient Protector
14:26 Ancient of Lore
14:30 Ancient of Lore
14:33 Moon Well
15:20 Ancient of War
15:25 Ancient Protector
16:07 Moon Well
16:09 Moon Well
16:22 Tree of Life
18:38 Tree of Life
20:00 Tree of Life
24:30 Moon Well
24:32 Moon Well
24:34 Moon Well
25:31 Hunter's Hall
27:08 Ancient Protector
27:10 Ancient Protector
27:59 Ancient Protector
28:01 Ancient Protector
28:27 Ancient Protector
28:28 Ancient Protector
28:32 Ancient Protector
28:33 Ancient Protector
29:22 Ancient Protector
29:24 Ancient Protector
29:26 Ancient Protector
29:29 Ancient Protector
29:47 Ancient Protector
29:51 Ancient Protector
29:53 Ancient Protector
30:26 Ancient of War
30:28 Ancient of War
30:31 Ancient of War
31:24 Altar of Elders
31:38 Moon Well
31:39 Moon Well
32:25 Altar of Elders
32:43 Tree of Life
34:20 Moon Well
34:22 Moon Well
34:23 Tree of Ages
36:09 Moon Well
36:24 Moon Well
36:26 Moon Well
37:06 Ancient Protector
37:11 Ancient Protector
37:15 Ancient of Wind
37:18 Ancient of Wind
37:39 Ancient of Wind
38:52 Tree of Life
40:54 Tree of Life
46:05 Tree of Life

»
leon_mudpaw (
yellow | 106 APM | 4898 actions | 46:12)
5 Tauren Chieftain
1 War Stomp
3 Endurance Aura
1 Shockwave
5 Shadow Hunter
2 Hex
3 Healing Wave
» actions
| Assign group hotkey | 20 | |
| Basic commands | 83 | |
| Build / train | 57 | |
| Enter build submenu | 20 | |
| Enter hero's abilities submenu | 10 | |
| Give item / drop item | 11 | |
| Right click | 1626 | |
| Select / deselect | 560 | |
| Select group hotkey | 2332 | |
| Use ability | 179 | |
4898 total
» units
| Peon | 12 | |
| Grunt | 5 | |
| Spirit Walker | 1 | |
| Raider | 4 | |
| Shaman | 1 | |
23 total
» upgrades
| Armor | 1 | |
| Berserker Strength | 1 | |
| Spirit Walker Training | 2 | |
| Shaman Training | 2 | |
| Pillage | 1 | |
| Ensnare | 1 | |
| Melee Weapons | 1 | |
9 total
» buildings
| Altar of Storms | 1 | |
| Orc Burrow | 7 | |
| Barracks | 1 | |
| Voodoo Lounge | 1 | |
| Stronghold | 1 | |
| War Mill | 1 | |
| Spirit Lodge | 2 | |
| Fortress | 1 | |
| Beastiary | 1 | |
| Watch Tower | 1 | |
| Great Hall | 1 | |
18 total
» build order
00:22 Altar of Storms
00:29 Orc Burrow
00:46 Barracks
01:37 Orc Burrow
02:11 Voodoo Lounge
03:15 Stronghold
03:21 War Mill
05:53 Spirit Lodge
06:11 Fortress
07:03 Spirit Lodge
08:27 Orc Burrow
08:39 Beastiary
09:11 Watch Tower
09:21 Orc Burrow
11:50 Great Hall
12:56 Orc Burrow
18:26 Orc Burrow
23:07 Orc Burrow
» items
| Healing Salve | 2 | |
| Lesser Clarity Potion | 3 | |
| Scroll of Speed | 1 | |
| Scroll of Town Portal | 1 | |
| Potion of Lesser Invulnerability | 3 | |
| Dust of Appearance | 1 | |
11 total
DRAGON-QUEST-11 (
teal | 73 APM | 3898 actions | 53:10)
8 Blademaster
3 Wind Walk
3 Critical Strike
1 Bladestorm
1 Mirror Image
1 Shadow Hunter
1 Hex
» actions
| Assign group hotkey | 71 | |
| Basic commands | 19 | |
| Build / train | 102 | |
| Enter build submenu | 50 | |
| Enter hero's abilities submenu | 9 | |
| Give item / drop item | 3 | |
| Remove unit from queue | 3 | |
| Right click | 1713 | |
| Select / deselect | 474 | |
| Select group hotkey | 1151 | |
| Use ability | 303 | |
3898 total
» units
| Peon | 32 | |
| Grunt | 5 | |
| Raider | 9 | |
| Troll Batrider | 8 | |
| Wind Rider | 3 | |
57 total
» upgrades
| Reinforced Defenses | 1 | |
| Ensnare | 1 | |
| Pillage | 1 | |
| Melee Weapons | 1 | |
| Ranged Weapons | 1 | |
| Armor | 1 | |
| Liquid Fire | 1 | |
7 total
» buildings
| Altar of Storms | 1 | |
| Orc Burrow | 10 | |
| Barracks | 1 | |
| Voodoo Lounge | 1 | |
| Stronghold | 4 | |
| War Mill | 2 | |
| Great Hall | 5 | |
| Watch Tower | 32 | |
| Fortress | 4 | |
| Beastiary | 4 | |
64 total
» build order
00:07 Altar of Storms
00:18 Orc Burrow
00:47 Barracks
01:28 Orc Burrow
02:03 Voodoo Lounge
03:01 Stronghold
03:01 Stronghold
04:06 War Mill
04:23 Orc Burrow
05:14 Great Hall
05:31 Watch Tower
05:49 Watch Tower
05:54 Watch Tower
06:10 Watch Tower
06:46 Watch Tower
07:13 Watch Tower
07:15 Watch Tower
07:26 Orc Burrow
08:21 Fortress
08:22 Fortress
08:42 Watch Tower
09:04 Watch Tower
09:33 Beastiary
10:06 Beastiary
11:44 Watch Tower
11:44 Watch Tower
12:12 Orc Burrow
13:51 Watch Tower
13:51 Watch Tower
13:56 Watch Tower
13:56 Watch Tower
14:37 Watch Tower
14:41 Orc Burrow
15:08 Beastiary
17:07 Watch Tower
17:07 Watch Tower
17:29 Orc Burrow
18:38 Watch Tower
18:41 Watch Tower
19:24 Watch Tower
19:25 Watch Tower
19:26 Watch Tower
19:56 Orc Burrow
24:31 Great Hall
24:43 Watch Tower
24:43 Watch Tower
24:43 Watch Tower
24:44 Watch Tower
25:20 Orc Burrow
25:34 Watch Tower
25:35 Watch Tower
27:58 Stronghold
28:07 Watch Tower
28:07 Watch Tower
28:08 Watch Tower
30:25 Great Hall
33:08 Stronghold
37:22 Beastiary
38:13 Orc Burrow
47:03 Fortress
47:03 Fortress
50:09 War Mill
50:51 Great Hall
51:03 Great Hall
» items
| Healing Salve | 3 | |
| Scroll of Town Portal | 5 | |
| Orb of Lightning | 1 | |
| Dust of Appearance | 2 | |
| Staff of Teleportation | 2 | |
| Potion of Lesser Invulnerability | 1 | |
14 total

»
DixOut4Harambe (
purple | 49 APM | 936 actions | 19:16)
4 Archmage
2 Blizzard
2 Brilliance Aura
3 Mountain King
2 Storm Bolt
1 Bash
» actions
| Basic commands | 4 | |
| Build / train | 55 | |
| Enter build submenu | 19 | |
| Enter hero's abilities submenu | 9 | |
| Give item / drop item | 3 | |
| Right click | 544 | |
| Select / deselect | 222 | |
| Use ability | 80 | |
936 total
» units
| Peasant | 12 | |
| Footman | 7 | |
| Sorceress | 3 | |
| Priest | 5 | |
| Siege Engine | 3 | |
30 total
» upgrades
| Swords | 1 | |
| Plating | 1 | |
| Sorceress Training | 2 | |
| Priest Training | 2 | |
| Barrage | 1 | |
7 total
» buildings
| Altar of Kings | 1 | |
| Farm | 11 | |
| Barracks | 1 | |
| Arcane Vault | 1 | |
| Lumber Mill | 1 | |
| Blacksmith | 1 | |
| Scout Tower | 1 | |
| Keep | 1 | |
| Arcane Tower | 1 | |
| Castle | 1 | |
| Arcane Sanctum | 3 | |
| Workshop | 1 | |
24 total
» build order
00:53 Altar of Kings
01:07 Farm
01:24 Barracks
01:38 Farm
01:48 Farm
02:08 Arcane Vault
02:49 Lumber Mill
03:39 Blacksmith
04:03 Scout Tower
04:06 Farm
04:08 Farm
04:14 Farm
04:26 Keep
05:15 Arcane Tower
08:08 Castle
08:12 Arcane Sanctum
08:14 Arcane Sanctum
08:18 Arcane Sanctum
11:20 Farm
11:23 Farm
11:24 Farm
11:25 Farm
11:25 Farm
12:27 Workshop
» items
| Scroll of Regeneration | 2 | |
| Lesser Clarity Potion | 1 | |
| Scroll of Town Portal | 3 | |
6 total
Chat log
(00:24 / Allies) leon_mudpaw: hi
(01:07 / Allies) leon_mudpaw: unit and plan?
(01:13 / Allies) leon_mudpaw: tc grunts to start
(01:17 / Allies) Storm7777777: hmm
(01:27 / Allies) Storm7777777: prolly archer hunt dryad bear
(01:37 / Allies) Storm7777777: lets clear that mid asap
(01:43 / Allies) Storm7777777: might have mod
(04:26 / Allies) leon_mudpaw: should i go air?
(04:37 / Allies) DRAGON-QUEST-11: me air
(05:07 / Allies) leon_mudpaw: will you get caster?
(05:35 / Allies) DRAGON-QUEST-11: wood plz
(05:36 / Allies) leon_mudpaw: middle
(05:58 / Allies) DRAGON-QUEST-11: wood
(06:00 / Allies) DRAGON-QUEST-11: middle too
(08:31 / Allies) DRAGON-QUEST-11: hit red
(08:41 / Allies) Storm7777777: ?
(08:48 / Allies) DRAGON-QUEST-11: ye sgreen, that is red
(10:15 / Allies) Storm7777777: where to hit?
(10:21 / Allies) Storm7777777: lotta towers there not there
(10:48 / Allies) Storm7777777: heal
(10:48 / Allies) Storm7777777: repair
(11:03 / Allies) DRAGON-QUEST-11: wood
(12:18 / Allies) DRAGON-QUEST-11: tp my
(13:28 / Allies) DRAGON-QUEST-11: WOOD
(13:30 / Allies) DRAGON-QUEST-11: WOOD
(16:02 / Allies) leon_mudpaw: needa aa
(16:09 / Allies) DixOut4Harambe: im gonna morp
(16:11 / Allies) DixOut4Harambe: morph
(16:51 / Allies) leon_mudpaw: tioo may tower
(17:47 / Allies) Storm7777777: wow
(17:51 / Allies) DRAGON-QUEST-11: go green
(17:52 / Allies) Storm7777777: we done for
(17:57 / Allies) Storm7777777: ur m,ele
(17:58 / Allies) Storm7777777: u go
(18:06 / Allies) DRAGON-QUEST-11: hall
(18:17 / Allies) Storm7777777: that hall doesnt matter
(18:18 / Allies) Storm7777777: get towers
(18:28 / Allies) DRAGON-QUEST-11: it does matter if they tp moron
(19:00 / Allies) DRAGON-QUEST-11: yellow quit hitting blue
(19:02 / Allies) DRAGON-QUEST-11: he hasnt done shit all game
(19:10 / Allies) DRAGON-QUEST-11: give me a rejuv green
(19:47 / Allies) DRAGON-QUEST-11: blue is gonna tk dont hit him
(19:49 / Allies) leon_mudpaw: who need gold
(19:54 / Allies) DRAGON-QUEST-11: me
(20:42 / Allies) DRAGON-QUEST-11: no no
(20:43 / Allies) DRAGON-QUEST-11: dont hit blue
(20:46 / Allies) DRAGON-QUEST-11: BLUE IS GONNA TK
(20:48 / Allies) DRAGON-QUEST-11: dont hit blue
(20:55 / Allies) Storm7777777: what
(21:00 / Allies) DRAGON-QUEST-11: pay attention
(21:04 / Allies) Storm7777777: to oj than right
(21:06 / Allies) DRAGON-QUEST-11: their team hacks blue is gonna tk
(21:11 / Allies) Storm7777777: ok
(21:20 / Allies) Storm7777777: i got
(22:09 / Allies) DRAGON-QUEST-11: keep feeding me
(22:59 / Allies) DRAGON-QUEST-11: keep feeding me
(23:22 / All) Antifa-Warrior: leave
(23:39 / Allies) Storm7777777: ?
(23:44 / Allies) leon_mudpaw: a lot towers
(23:48 / Allies) Storm7777777: shit
(23:52 / Allies) DRAGON-QUEST-11: we're fine come
(25:08 / Allies) leon_mudpaw: wait
(25:14 / Allies) Storm7777777: hit oj?
(25:15 / All) DRAGON-QUEST-11: god dammit
(25:46 / Allies) Storm7777777: dont hit bl
(25:46 / Allies) leon_mudpaw: need aaa
(25:53 / Allies) DRAGON-QUEST-11: hit oj
(26:00 / Allies) leon_mudpaw: a lot towers
(26:03 / Allies) Storm7777777: melee first
(26:04 / Allies) leon_mudpaw: hit that human
(26:13 / Allies) DRAGON-QUEST-11: hit guys
(26:13 / Allies) leon_mudpaw: we need him
(26:52 / All) DRAGON-QUEST-11: faggots on ur team i swear
(27:12 / All) scrubscrewer: Gayest builds I've ever seen
(27:20 / All) scrubscrewer: mass towers, tanks and gyros, into mass expos
(27:31 / All) scrubscrewer: Mass tanks pink
(27:35 / All) leon_mudpaw: gg
(27:36 / All) scrubscrewer: mass catas oj
(27:52 / Allies) Storm7777777: meet
(28:29 / Allies) DRAGON-QUEST-11: guys hit oj main or pink
(28:37 / Allies) leon_mudpaw: w elost weverything
(28:42 / Allies) leon_mudpaw: becaue you didn't come with you
(29:21 / All) scrubscrewer: I'm giving my team the loss
(29:24 / All) scrubscrewer: fucking faggots
(29:30 / All) scrubscrewer: Gayest builds I've seen in all my years of war3
(29:36 / All) Storm7777777: lmao the siege
(29:39 / All) MyPenlsHuge: and we won
(29:43 / All) Storm7777777: not rlly
(29:44 / All) scrubscrewer: you aren't winning
(29:47 / All) MyPenlsHuge: we did
(29:52 / All) MyPenlsHuge: but blue killed us
(29:56 / Allies) leon_mudpaw: buidl a main
(29:59 / Allies) leon_mudpaw: get gold
(30:00 / Allies) DRAGON-QUEST-11: gold plz
(30:01 / Allies) DRAGON-QUEST-11: gold
(30:14 / All) Storm7777777: oj ur bm cant touch my wardy
(30:44 / Allies) DRAGON-QUEST-11: gold
(30:48 / Allies) DRAGON-QUEST-11: im getting siege
(31:01 / All) DRAGON-QUEST-11: jesus christ
(31:03 / Allies) Storm7777777: WHO IN THE FUCK DID THAT
(31:11 / Allies) Storm7777777: who tped on me
(31:22 / Allies) leon_mudpaw: not me
(31:23 / Allies) leon_mudpaw: i have no tp
(31:27 / Allies) Storm7777777: someone staffed
(31:29 / Allies) Storm7777777: human?
(31:34 / Allies) DRAGON-QUEST-11: purple is gone i think
(31:40 / Allies) Storm7777777: weird
(31:44 / Allies) Storm7777777: i couldnt tp or anything
(31:49 / Allies) Storm7777777: it was like a human AM portalled on me
(31:55 / Allies) Storm7777777: cunt
(32:36 / All) Storm7777777: blue i thought u loved us
(33:10 / All) scrubscrewer: why would hatred for my faggot team mean love for yours
(33:13 / All) DRAGON-QUEST-11: ur etire team is gay
(33:16 / All) DRAGON-QUEST-11: faggot red
(33:19 / All) DRAGON-QUEST-11: u guys can leave now
(33:23 / All) Storm7777777: u have antifa on ur team
(33:39 / Allies) DRAGON-QUEST-11: wood plz
(34:13 / All) DRAGON-QUEST-11: lawl
(34:14 / All) DRAGON-QUEST-11: eat me nigger
(35:07 / Allies) DRAGON-QUEST-11: wood
(35:12 / Allies) DRAGON-QUEST-11: can finally make units now
(35:12 / Allies) leon_mudpaw: doesn anyone have gold?
(35:17 / Allies) Storm7777777: right lol
(35:18 / Allies) leon_mudpaw: iwant to get tc back
(35:30 / Allies) leon_mudpaw: like 420 gold
(35:37 / Allies) Storm7777777: teal
(35:41 / Allies) Storm7777777: it was u who killed me
(35:43 / Allies) Storm7777777: i saw that
(35:45 / Allies) Storm7777777: u fucked my warden dudee
(35:52 / Allies) DRAGON-QUEST-11: i just saved ur expo dude
(35:56 / Allies) Storm7777777: ?
(36:00 / Allies) Storm7777777: lmao rlly
(36:04 / Allies) Storm7777777: looks like i
(36:06 / Allies) DRAGON-QUEST-11: from pink
(36:14 / Allies) Storm7777777: ok
(36:16 / Allies) Storm7777777: ya
(36:31 / All) scrubscrewer: wow pink taverning his am
(36:36 / All) scrubscrewer: what a bitch
(36:40 / All) scrubscrewer: give up faggot you lost
(36:47 / Allies) leon_mudpaw: am
(37:00 / All) DRAGON-QUEST-11: i hate ur team so much
(37:02 / All) DRAGON-QUEST-11: glad they lost
(37:32 / Allies) leon_mudpaw: green, can you give me some gold
(37:43 / All) DRAGON-QUEST-11: lets kill oj
(37:47 / Allies) Storm7777777: bout to get lotta aa
(37:52 / Allies) Storm7777777: wat ya need
(37:54 / Allies) leon_mudpaw: i will pay back
(37:54 / All) Antifa-Warrior: do not give A SHIT
(37:55 / All) DRAGON-QUEST-11: we have enough aa im gonna get bats
(37:58 / Allies) leon_mudpaw: want to tc back
(38:02 / Allies) leon_mudpaw: i ahve times on tc
(38:12 / All) scrubscrewer: Leave
(38:13 / Allies) leon_mudpaw: otems
(38:13 / All) scrubscrewer: you lose
(38:43 / All) scrubscrewer: don't even try making hippos green
(38:52 / All) scrubscrewer: I'm going to kill you, your entire base, and all your units too
(39:31 / All) scrubscrewer: nice try
(39:32 / All) Storm7777777: blue
(39:35 / All) Storm7777777: r u a gay
(39:58 / Allies) leon_mudpaw: not a lot
(40:01 / Allies) leon_mudpaw: but something
(40:10 / Allies) Storm7777777: pillage?
(40:16 / All) DRAGON-QUEST-11: red and pink and oj
(40:31 / All) scrubscrewer: Retards won't give up when they lost
(40:44 / All) Storm7777777: not over till fat lady sings
(40:51 / All) DRAGON-QUEST-11: lawl
(40:55 / All) DRAGON-QUEST-11: u niggers wont giv eup
(41:06 / All) Storm7777777: me mum <3 me
(41:37 / Allies) leon_mudpaw: green
(41:39 / Allies) leon_mudpaw: help me
(42:09 / Allies) Storm7777777: we need to help him
(42:35 / Allies) Storm7777777: that vengeance shit lol
(42:56 / Allies) Storm7777777: i feel like hes mhing....
(42:57 / Allies) leon_mudpaw: take it
(43:12 / Allies) Storm7777777: lets group?
(43:24 / All) DRAGON-QUEST-11: ignor eit
(43:36 / All) scrubscrewer: attacking my expo?
(43:37 / All) scrubscrewer: bad idea
(43:44 / All) MyPenlsHuge: blue is terrible
(43:54 / All) MyPenlsHuge: we won the game for him and he cant even finish it
(43:57 / All) scrubscrewer: staff
(44:08 / All) scrubscrewer: staff tc
(44:12 / All) Storm7777777: blue
(44:54 / Allies) Storm7777777: i think they r hacking no joke
(45:03 / All) scrubscrewer: raped lol
(45:20 / Allies) leon_mudpaw: i really don't know what teal is doing
(45:21 / Allies) leon_mudpaw: i am out
(45:23 / Allies) leon_mudpaw: done
(45:25 / Allies) leon_mudpaw: gg
(45:28 / All) DRAGON-QUEST-11: DEFENDING MY BASE IDIOT
(45:34 / Allies) leon_mudpaw: he just walk by
(45:34 / Allies) Storm7777777: teal ur bad
(45:38 / All) DRAGON-QUEST-11: i told u guys
(45:40 / All) DRAGON-QUEST-11: blue is my friend
(45:43 / All) DRAGON-QUEST-11: ur too stupid to realize
(45:47 / All) DRAGON-QUEST-11: we're not gonna hit each other lawl
(45:54 / All) MyPenlsHuge: we dont mind
(46:03 / All) DRAGON-QUEST-11: yea u do, i know ur angry lawl
(46:07 / All) DRAGON-QUEST-11: ive played enough 4v4 to know
(46:27 / All) MyPenlsHuge: sure, i'm very angry lawl
(46:33 / All) scrubscrewer: you are
(46:36 / All) DRAGON-QUEST-11: u guys would be talking shit if u managed ot kill blue
(46:37 / Allies) Storm7777777: ya ur bad
(46:38 / All) MyPenlsHuge: absolutely
(47:07 / All) scrubscrewer: Nice, your team all left
(47:10 / All) scrubscrewer: now mine can get a clean loss
(47:15 / All) DRAGON-QUEST-11: yea
(47:26 / All) MyPenlsHuge: i'll go watch some tv... have fun guys
(47:29 / All) DRAGON-QUEST-11: this was close only because my teammates were morons
(47:30 / All) scrubscrewer: finish up pink old main
(47:37 / All) DRAGON-QUEST-11: pink is going "afk" aka not leaving
(48:24 / All) DRAGON-QUEST-11: ill watch this replay to confirm red, pink, and oj never went afk
(48:51 / All) scrubscrewer: Feels good giving these pieces of shit a loss
(48:55 / All) scrubscrewer: most retarded builds ever in 4v4
(48:57 / All) DRAGON-QUEST-11: yes
(49:12 / All) DRAGON-QUEST-11: my team didnt say one single word when all this wasnt happening
(49:20 / All) DRAGON-QUEST-11: can't coordinate with 3 knuckleheads
(49:33 / All) DRAGON-QUEST-11: game changed our favor when red suicided his copters to my bats
(49:54 / All) scrubscrewer: Red old base
(49:59 / All) DRAGON-QUEST-11: thx
(51:15 / All) DRAGON-QUEST-11: im sure pink is still "AFK"
(52:29 / All) DRAGON-QUEST-11: blue was MVP this game